Map: Thunderbird LE

Players

Ziggy - Winner!

  • Race: Terran Terran
  • Spawn Location: 11:00

PappiJoe

  • Race: Protoss Protoss
  • Spawn Location: 5:00

Event: 2019 WCS Summer

VOD

Have the link to the VOD?

Description

Time

  • Played on: July 12, 2019, 6:31 a.m.
  • Length: 12:07

All games in this series

Show
View Real Time Build Order
Export as new Build Order

Ziggy Terran - Winner!

Build Orders:  

Get SALT Encoding   

  12  0:00  SCV  
  13  0:12  SCV  
  14  0:17  Supply Depot  
  14  0:24  SCV  
  15  0:39  SCV  
  15  0:40  Barracks  
  16  0:44  Refinery  
  16  0:51  SCV  
  17  1:03  SCV  
  18  1:15  Barracks  
  18  1:17  Barracks  
  18  1:27  Barracks Tech Lab  
  18  1:31  Supply Depot  
  18  1:45  Concussive Shells, Marauder  
  20  2:02  Marine  
  20  2:04  Marine  
  20  2:07  Marauder  
  24  2:15  Orbital Command  
  24  2:20  Marine  
  24  2:22  Marine  
  26  2:31  Marauder  
  28  2:39  Supply Depot  
  28  2:44  Marine x2  
  30  3:00  Marauder  
  30  3:03  Marine  
  33  3:07  Marine  
  34  3:16  Stimpack  
  34  3:19  SCV  
  35  3:21  Marine, Supply Depot  
  35  3:25  Marine, Marauder  
  39  3:37  Bunker  
  39  3:38  SCV  
  39  3:53  Command Center  
  39  4:07  Factory  
  39  4:08  Engineering Bay  
  39  4:11  SCV  
  39  4:14  Barracks Tech Lab  
  40  4:17  Barracks Reactor  
  40  4:23  SCV  
  41  4:28  Refinery  
  41  4:34  Marauder  
  41  4:35  SCV  
  44  4:43  Missile Turret  
  44  4:45  Marine  
  45  4:48  SCV  
  46  4:56  Starport  
  46  5:00  SCV  
  46  5:01  Factory Reactor  
  47  5:11  Orbital Command  
  47  5:15  SCV  
  48  5:21  Terran Infantry Weapons Level 1  
  48  5:27  SCV  
  49  5:37  Refinery  
  49  5:38  SCV  
  49  5:39  SCV  
  51  5:42  Medivac  
  53  5:50  SCV  
  53  5:51  SCV  
  53  5:56  Medivac  
  57  5:59  Supply Depot  
  57  6:02  SCV  
  57  6:03  Marine, SCV  
  57  6:04  Marine  
  61  6:06  Marine  
  62  6:16  Supply Depot  
  62  6:20  SCV x2, Medivac  
  62  6:22  Marine x2  
  62  6:24  Missile Turret  
  62  6:25  Combat Shield  
  68  6:33  SCV x2, Supply Depot  
  68  6:35  Factory Reactor  
  68  6:38  Marauder, Marine  
  73  6:45  SCV x2, Supply Depot  
  75  6:47  Medivac  
  75  6:54  Marine  
  77  6:55  Marine  
  77  6:56  Marauder  
  81  7:10  Marine  
  81  7:12  Marine, Widow Mine x2  
  81  7:13  SCV x2  
  89  7:18  Marauder  
  91  7:24  Command Center  
  91  7:32  Marauder  
  84  7:39  Marauder  
  84  7:41  Widow Mine  
  84  7:42  SCV  
  84  7:44  SCV  
  88  7:49  Terran Infantry Armor Level 1  
  88  7:53  Marauder  
  88  7:54  SCV  
  88  7:56  SCV  
  92  8:00  Marauder  
  94  8:10  Supply Depot x2  
  94  8:18  Armory  
  94  8:19  Engineering Bay  
  94  8:22  Barracks  
  94  8:24  Barracks  
  94  8:31  Marauder, Widow Mine x2, SCV x2  
  94  8:32  Marauder  
  104  8:41  Marine  
  101  8:45  Marine  
  101  8:48  Medivac x2  
  106  8:53  Marauder x2  
  107  8:58  Marine  
  106  9:03  Marine  
  106  9:07  Widow Mine x2  
  106  9:14  Marauder  
  106  9:15  Marauder  
  109  9:18  Marine  
  109  9:20  Orbital Command, Barracks Tech Lab x2  
  110  9:28  Viking x2  
  110  9:30  Widow Mine  
  114  9:33  Starport  
  114  9:34  Marine  
  114  9:36  Marauder x2  
  117  9:43  SCV x2  
  117  9:48  Marine x2  
  117  9:49  Marauder  
  117  9:52  Orbital Command, Marine  
  122  9:55  SCV x2  
  122  9:56  Widow Mine  
  125  10:01  Marine, Marauder, Widow Mine  
  125  10:06  Marauder  
  132  10:08  Refinery  
  132  10:10  Marine  
  132  10:13  Starport Reactor  
  133  10:14  Marine  
  133  10:16  Marauder  
  129  10:22  Marine  
  129  10:23  Marauder  
  129  10:26  Viking  
  133  10:35  Viking, Refinery, SCV x3  
  138  10:38  Marine  
  138  10:39  Marauder  
  141  10:47  Refinery, SCV x2  
  143  10:51  Marine  
  143  10:55  Medivac  
  146  11:01  Marine x2  
  148  11:04  Supply Depot  
  148  11:06  Marauder  
  148  11:08  SCV, Missile Turret  
  148  11:10  Marine x2  
  153  11:13  Widow Mine  
  153  11:16  Widow Mine  
  157  11:25  Marine  
  157  11:28  Viking x2  
  162  11:37  Marauder x2  
  158  11:42  Marine  
  158  11:43  Marauder  
  147  11:47  Marine  
Show
View Real Time Build Order
Export as new Build Order

PappiJoe Protoss 

Build Orders: Colossus Rush 

Get SALT Encoding   

  12  0:00  Probe  
  13  0:15  Pylon  
  13  0:17  Probe  
  14  0:28  Probe  
  14  0:35  Gateway  
  15  0:36  Probe  
  16  0:43  Assimilator  
  16  0:45  Probe  
  17  0:56  Assimilator  
  17  0:57  Probe  
  18  1:09  Probe  
  19  1:22  Cybernetics Core  
  19  1:23  Probe  
  20  1:28  Pylon  
  20  1:36  Probe  
  21  1:48  Probe, Adept  
  22  2:00  Probe  
  25  2:01  Robotics Facility  
  25  2:09  Warp Gate  
  24  2:32  Stalker  
  26  2:39  Nexus  
  26  2:41  Pylon  
  28  3:07  Stalker  
  28  3:09  Robotics Facility  
  24  3:14  Shield Battery  
  26  3:23  Probe, Pylon  
  27  3:28  Shield Battery  
  27  3:31  Gateway  
  27  3:34  Gateway  
  27  3:35  Probe  
  28  3:45  Pylon  
  28  3:47  Probe  
  29  3:58  Immortal, Nexus  
  29  4:01  Pylon  
  34  4:10  Probe  
  34  4:22  Probe  
  35  4:34  Probe  
  40  4:39  Warp Prism  
  40  4:41  Sentry x2  
  40  4:42  Sentry  
  44  4:46  Probe  
  45  4:54  Pylon  
  45  4:58  Probe  
  46  5:00  Phoenix  
  46  5:02  Robotics Bay  
  46  5:08  Observer  
  46  5:09  Pylon  
  46  5:10  Probe x2  
  48  5:20  Probe  
  49  5:22  Stalker, Probe  
  53  5:28  Probe  
  53  5:34  Probe  
  55  5:37  Probe  
  55  5:39  Observer  
  57  5:46  Probe  
  58  5:50  Probe, Colossus  
  58  5:55  Assimilator  
  59  5:57  Assimilator  
  59  5:58  Probe  
  59  6:02  Pylon  
  66  6:07  Probe  
  66  6:11  Probe  
  68  6:17  Extended Thermal Lance  
  68  6:19  Probe  
  68  6:23  Probe  
  70  6:26  Nexus  
  70  6:29  Pylon  
  70  6:31  Probe  
  71  6:33  Colossus  
  71  6:38  Probe  
  78  6:47  Shield Battery  
  78  6:50  Probe  
  78  6:54  Sentry  
  81  6:55  Shield Battery  
  81  6:58  Stalker  
  83  7:02  Probe  
  83  7:03  Probe  
  85  7:11  Stalker  
  87  7:19  Stalker  
  87  7:22  Twilight Council  
  89  7:24  Stalker, Gateway  
  83  7:37  Probe  
  83  7:38  Probe  
  83  7:39  Stalker  
  83  7:40  Immortal  
  83  7:43  Probe  
  86  7:49  Probe  
  91  7:51  Probe  
  91  7:55  Probe  
  93  8:01  Probe  
  93  8:03  Shield Battery  
  93  8:04  Zealot  
  93  8:05  Zealot x2  
  99  8:13  Probe  
  99  8:17  Probe  
  99  8:19  Immortal  
  105  8:22  Probe, Forge  
  105  8:24  Gateway  
  105  8:25  Probe  
  107  8:31  Zealot x2  
  106  8:39  Probe  
  99  8:41  Zealot  
  99  8:43  Zealot  
  95  8:50  Charge  
  95  8:52  Zealot x2  
  95  8:55  Probe  
  87  8:58  Probe x2, Warp Prism  
  79  9:03  Stalker x2  
  79  9:07  Probe  
  77  9:11  Probe  
  77  9:16  Probe  
  78  9:19  Probe  
  78  9:21  Zealot  
  75  9:27  Stalker x2  
  75  9:31  Pylon  
  72  9:34  Probe  
  72  9:38  Probe x2  
  70  9:44  Stalker  
  65  9:46  Probe  
  65  9:51  Protoss Ground Armor Level 1  
  65  10:01  Stalker x2  
  69  10:08  Zealot x2  
  69  10:14  Probe  
  70  10:21  Gateway  
  70  10:22  Probe  
  70  10:23  Probe  
  70  10:25  Zealot  
  73  10:29  Zealot  
  75  10:38  Stalker  
  75  10:39  Stalker, Zealot  
  75  10:40  Probe  
  82  10:43  Probe  
  82  10:44  Probe  
  84  10:52  Probe  
  84  10:55  Probe, Shield Battery  
  86  10:58  Sentry  
  86  10:59  Zealot  
  90  11:06  Pylon  
  90  11:09  Probe  
  90  11:10  Gateway x2  
  91  11:11  Assimilator  
  91  11:13  Stalker  
  91  11:14  Zealot x2  
  91  11:15  Assimilator  
  91  11:16  Probe x2  
  99  11:29  Templar Archives  
  99  11:30  Zealot x2  
  99  11:32  Forge  
  91  11:43  Zealot x4  
  83  11:52  Zealot x2  
Tags
 
Add a new tag
Caveats
  • Supply blocks, unpowered buildings, or Contaminate may cause inaccurate times.
  • Supply counts are checked every 10 seconds.